 Dungeon Crawl Stone Soup version 0.30.0-19-g36f170ea60 (webtiles) character file.

Game seed: 7634629248498956663

173750 Peloso the Peltast (level 17, -7/158 HPs)
             Began as a Minotaur Fighter on May 31, 2023.
             Was the Champion of Okawaru.
             Mangled by a salamander
             ... wielding a +0 halberd
              (13 damage)
             ... on level 4 of the Snake Pit.
             The game lasted 01:26:37 (36292 turns).

Peloso the Peltast (Minotaur Fighter)              Turns: 36292, Time: 01:26:37

Health: -7/158     AC: 24    Str: 25    XL:     17   Next: 43%
Magic:  18/18      EV: 15    Int:  5    God:    Okawaru [******]
Gold:   2979       SH: 21    Dex: 19    Spells: 16/16 levels left

rFire   . . .        b - +6 shillelagh "Devastator" {shatter}
rCold   + . .        d - +0 kite shield {reflect}
rNeg    . . .        N - +7 Kryia's mail coat {PotionHeal*2 rC+}
rPois   +            Y - +0 hat of Hedonism {Dex+5 Slay+2}
rElec   .            m - +0 cloak {rCorr}
rCorr   +            P - +0 pair of gloves
SInv    .            L - +2 pair of boots {Fly}
Will    ++...        x - amulet of reflection
Stlth   ++           f - ring of poison resistance
HPRegen 0.46/turn    j - ring of willpower
MPRegen 0.16/turn

%: reflection
@: about to teleport, weakened, flying, constricted
A: horns 2, retaliatory headbutt
a: Renounce Religion, Heroism, Finesse, Duel


You were on level 4 of the Snake Pit.
You worshipped Okawaru.
Okawaru was exalted by your worship.
You visited 6 branches of the dungeon, and saw 29 of its levels.

You collected 3140 gold pieces.
You spent 161 gold pieces at shops.

Inventory:

Hand Weapons
 a - a +1 double sword of draining
 b - the +6 shillelagh "Devastator" (weapon) {shatter}
   (You found it on level 12 of the Dungeon)
 c - the +8 morningstar of Ruination {flame, rN+ Str+3 Dex+2}
   (You found it on level 1 of the Lair of Beasts)

   Str:       It affects your strength (+3).
   Dex:       It affects your dexterity (+2).
   rN:        It protects you from negative energy.
 D - a +0 hand axe
Armour
 d - a +0 kite shield of reflection (worn)
 m - a +0 cloak of preservation (worn)
 L - a +2 pair of boots of flying (worn)
 N - the +7 Kryia's mail coat (worn) {PotionHeal*2 rC+}
   (You took it off an orc on level 9 of the Dungeon)

   PotionHeal*2: Potions heal its wearer twice as much.
   rC:        It protects you from cold.
 P - a +0 pair of gloves (worn)
 Y - the +0 hat of Hedonism (worn) {Dex+5 Slay+2}
   (You found it on level 1 of the Lair of Beasts)

   Dex:       It affects your dexterity (+5).
   Slay:      It affects your accuracy & damage with ranged weapons and melee
   (+2).
Jewellery
 f - a ring of poison resistance (left hand)
 j - a ring of willpower (right hand)
 k - a ring of see invisible
 s - a ring of ice
 x - an amulet of reflection (around neck)
 X - the ring "Rutha" {rElec rCorr MP+9 Str+9 Int-4 Stlth-}
   (You found it on level 1 of the Lair of Beasts)

   [ring of magical power]

   Str:       It affects your strength (+9).
   Int:       It affects your intelligence (-4).
   rElec:     It insulates you from electricity.
   MP:        It affects your magic capacity (+9).
   rCorr:     It protects you from acid and corrosion.
   Stlth:     It makes you less stealthy.
Wands
 g - a wand of mindburst (3)
 h - a wand of digging (5)
 w - a wand of quicksilver (8)
Scrolls
 i - a scroll of enchant weapon
 n - a scroll of enchant armour
 o - 11 scrolls of teleportation
 u - 6 scrolls of identify
 v - 6 scrolls of immolation
 y - 5 scrolls of fear
 C - 10 scrolls of blinking
 E - a scroll of silence
 F - 2 scrolls of acquirement
 Q - 8 scrolls of magic mapping
Potions
 e - 5 potions of might
 l - 2 potions of invisibility
 p - 2 potions of resistance
 q - 10 potions of curing
 r - a potion of cancellation
 t - a potion of magic
 z - a potion of mutation
 A - 3 potions of berserk rage
 B - 5 potions of haste
 I - 4 potions of heal wounds
 O - 3 potions of flight


   Skills:
 + Level 16.0 Fighting
 + Level 14.4 Long Blades
 + Level 15.8 Maces & Flails
 + Level 15.0 Armour
 + Level 12.3 Dodging
 + Level 4.3 Stealth
 + Level 19.1 Shields
 + Level 3.3 Invocations
 + Level 2.0 Evocations


You had 16 spell levels left.
You didn't know any spells.
Your spell library contained the following spells:

 Spells                   Type           Power      Damage    Failure   Level
 Magic Dart               Conj           0%         1d3       77%         1
 Ensorcelled Hibernation  Hex/Ice        0%         N/A       88%         2
 Lesser Beckoning         Tloc           0%         N/A       88%         2
 Passwall                 Tmut/Erth      0%         N/A       88%         2
 Scorch                   Fire           0%         2d5       88%         2
 Searing Ray              Conj           0%         2d4       88%         2
 Sublimation of Blood     Necr           0%         N/A       88%         2
 Gell's Gravitas          Tloc           0%         N/A       98%         3
 Mephitic Cloud           Conj/Pois/Air  0%         N/A       98%         3
 Portal Projectile        Hex/Tloc       0%         N/A       98%         3
 Spider Form              Tmut/Pois      0%         N/A       98%         3
 Swiftness                Air            0%         N/A       98%         3
 Teleport Other           Tloc           0%         N/A       98%         3
 Anguish                  Hex/Necr       0%         N/A       100%        4
 Flame Wave               Conj/Fire      0%         2d4       100%        4
 Fulminant Prism          Conj/Hex       0%         3d5       100%        4
 Leda's Liquefaction      Hex/Erth       0%         N/A       100%        4
 Olgreb's Toxic Radiance  Pois           0%         N/A       100%        4
 Petrify                  Tmut/Erth      0%         N/A       100%        4
 Irradiate                Conj/Tmut      0%         3d11      100%        5
 Discord                  Hex            0%         N/A       100%        8
 Ignition                 Fire           0%         3d3       100%        8
 Summon Small Mammal      Summ           Unusable   N/A       N/A         1
 Call Imp                 Summ           Unusable   N/A       N/A         2
 Call Canine Familiar     Summ           Unusable   N/A       N/A         3
 Summon Guardian Golem    Hex/Summ       Unusable   N/A       N/A         3
 Summon Cactus Giant      Summ           Unusable   N/A       N/A         6

Dungeon Overview and Level Annotations

Branches:
Dungeon (15/15)            Temple (1/1) D:4            Lair (5/5) D:8
 Shoals (2/4) Lair:3        Snake (4/4) Lair:2        Slime (0/5) Lair:4
    Orc (2/2) D:9             Elf (0/3) Orc:2        Vaults (0/5) D:14
 Depths (0/4) D:15

Altars:
Ashenzari
Cheibriados
Dithmenos
Elyvilon
Fedhas
Gozag
Hepliaklqana
Kikubaaqudgha
Makhleb
Nemelex Xobeh
Okawaru
Qazlal
Ru
Sif Muna
Trog
Uskayaw
Vehumet
Wu Jian
Xom
Yredelemnul
Zin
The Shining One

Shops:
Orc:1 *   Orc:2 ?((:   Snake:1 (

Annotations:
D:12 Casa


Innate Abilities, Weirdness & Mutations

You have a pair of horns on your head.
You reflexively headbutt those who attack you in melee.


Message History

You headbutt the nagaraja, but do no damage.
The nagaraja is moderately wounded.
You block the naga's attack. You block the salamander's attack.
The salamander hits you but does no damage.
You block the nagaraja's attack. The nagaraja constricts you.
You barely miss the nagaraja.
The nagaraja is moderately wounded.
You block the salamander's attack. You block the naga's attack.
The nagaraja loses its grip on you. The salamander completely misses you.
Unknown command.
You block the nagaraja's attack. You block the salamander's attack.
The naga mage gestures wildly while chanting.
The naga mage seems to speed up.
The naga ritualist mumbles some strange prayers to its god.
The naga ritualist begins to radiate toxic energy.
The nagaraja closely misses you. The nagaraja hits you with a +0 whip!!
You block the nagaraja's attack.
The nagaraja hits you but does no damage.
The naga hits you with a +0 glaive!
* * * LOW HITPOINT WARNING * * *
The naga grabs you. The naga constricts you.
The salamander hits you but does no damage.
There is a large open door, spattered with blood here.
Unknown command.
As you read the scroll of teleportation, it crumbles to dust.
You feel strangely unstable. You block the salamander's attack.
The nagaraja spits poison at you.
Your +0 kite shield of reflection blocks the splash of poison... and reflects it back!
The splash of poison hits the nagaraja.
The nagaraja completely resists.
You block the nagaraja's attack.
The nagaraja casts a spell.
The nagaraja seems to speed up.
You block the salamander's attack. The naga hits you with a +0 glaive!!
* * * LOW HITPOINT WARNING * * *
The naga constricts you.
* * * LOW HITPOINT WARNING * * *
The salamander hits you with a +0 halberd!
* * * LOW HITPOINT WARNING * * *
You are engulfed in flames!
You die...

#...# ####.....#....
.##...##.......##...#
.......##...|.## ..#
..N..)..####...## ##
#.S)†)####...##
#N.##[N.###....# #.
##.NN##.#### ##.NN#)#
##NN@)# ##.)NN#
#...#...# #...##...#
#...##...## .....#
...# ....# ..## ....#
#..# ...# .#


You could see 3 nagarajas, 2 salamanders, a naga ritualist (toxic aura), a shock
serpent, a naga mage (fast) and 2 nagas.

Vanquished Creatures
  Vashnia (Snake:4)
  Kirke (Snake:4)
  Donald (Shoals:2)
  3 nagarajas
  Ilsuiw (Shoals:2)
  A frost giant (Shoals:2)
  Aizul (Snake:4)
  The ghost of Yordlord the Bludgeoner, a journeyman GrFi of Elyvilon (Lair:2)
  A stone giant (Shoals:2)
  2 dire elephants (Snake:2)
  4 merfolk impalers
  Harold (D:11)
  Josephine (D:14)
  A salamander tyrant (Snake:4)
  Erolcha (Orc:2)
  2 ogre magi (Orc:2)
  4 vault guards (D:14)
  9 anacondas
  2 hydras
  5 centaur warriors
  3 merfolk aquamancers (D:13)
  4 boulder beetles
  2 catoblepae
  A deep troll shaman (Lair:5)
  5 death yaks (Lair:5)
  4 two-headed ogres
  A tengu warrior (D:14)
  15 naga warriors
  11 naga sharpshooters
  5 shock serpents
  Sonja (D:10)
  Nergalle (D:12)
  A deep elf knight (Snake:2)
  3 salamander mystics
  6 skysharks
  A skeletal warrior (D:14)
  A glowing orange brain (D:15)
  5 sea snakes
  A naga ritualist (Snake:2)
  A deep elf archer (Snake:2)
  2 orc knights (D:15)
  A lindwurm (Lair:5)
  8 harpies
  4 deep elf pyromancers
  8 mana vipers
  10 orc sorcerers
  10 salamanders
  17 ugly things
  3 manticores
  An oklob plant (Orc:2)
  12 cyclopes
  8 fauns
  9 elephants
  11 merfolk sirens
  6 guardian serpents
  2 water nymphs (Shoals:1)
  20 black mambas
  2 gargoyles
  25 naga magi
  A torpor snail (Lair:5)
  2 efreet
  7 cane toads
  3 rime drakes
  Psyche (D:8)
  3 kobold demonologists
  A komodo dragon (shapeshifter) (D:15)
  10 komodo dragons
  A freezing wraith (D:14)
  3 polar bears (Lair:5)
  11 merfolk
  4 wind drakes
  2 hornets
  5 trolls
  A raiju (Snake:2)
  10 blink frogs
  3 dream sheep
  3 snapping turtles
  5 slime creatures
  6 wyverns
  A shadow (D:11)
  3 vampires
  A centaur simulacrum (D:15)
  8 wraiths
  A water elemental (Shoals:2)
  44 yaks
  6 hogs (Snake:4)
  2 basilisks
  A golden eye (shapeshifter) (D:14)
  2 steam dragons
  8 vampire mosquitoes
  Eustachio (D:5)
  Menkaure (D:5)
  2 wargs
  2 acid dragons
  61 nagas
  4 swamp worms (Lair:1)
  Duvessa (D:4)
  10 water moccasins
  4 ice beasts
  10 orc warriors
  4 black bears
  A sky beast (shapeshifter) (D:15)
  A sky beast (D:7)
  8 ogres
  5 centaurs (D:13)
  12 wolves
  3 kobold brigands
  Blork the orc (D:5)
  7 bullfrogs
  5 gnoll sergeants
  2 scorpions
  13 wights
  Dowan (D:4)
  6 killer bees
  7 electric eels
  8 howler monkeys
  2 hounds
  19 orc priests
  6 jellies
  Crazy Yiuf (D:2)
  2 gnoll boudas
  Terence (D:3)
  3 iguanas
  Natasha (thrice) (D:2)
  24 orc wizards
  5 hell rats (Lair:4)
  23 gnolls
  8 adders
  4 shadow imps (D:7)
  3 white imps
  An ufetubus (D:4)
  6 dart slugs
  75 orcs
  7 bats
  3 endoplasms
  A giant cockroach (D:1)
  5 goblins
  6 hobgoblins
  11 jackals
  21 kobolds
  A quokka (D:1)
  12 ball pythons
  3 frilled lizards
  7 rats
  A spectral goblin (D:1)
  2 butterflies (D:5)
879 creatures vanquished.

Vanquished Creatures (others)
  A naga warrior (Snake:4)
  A howler monkey (D:13)
  An orc wizard (D:8)
  A kobold (D:10)
4 creatures vanquished.

Grand Total: 883 creatures vanquished

Notes
Turn   | Place    | Note
-------+----------+-------------------------------------------
     0 | D:1      | Peloso the Minotaur Fighter began the quest for the Orb.
     0 | D:1      | Reached XP level 1. HP: 19/19 MP: 0/0
   206 | D:1      | Reached XP level 2. HP: 27/27 MP: 1/1
   246 | D:1      | Found a faded altar of an unknown god.
   278 | D:1      | Reached skill level 4 in Shields
   497 | D:1      | Reached XP level 3. HP: 29/33 MP: 2/2
  1112 | D:2      | Reached XP level 4. HP: 40/40 MP: 3/3
  1227 | D:2      | Noticed Natasha
  1236 | D:2      | Killed Natasha
  1360 | D:2      | Found a runed translucent door.
  1361 | D:2      | Noticed Crazy Yiuf
  1394 | D:2      | Reached skill level 1 in Dodging
  1446 | D:2      | Noticed Natasha
  1452 | D:2      | Killed Natasha
  1453 | D:2      | Reached skill level 5 in Armour
  2031 | D:3      | Reached XP level 5. HP: 47/47 MP: 4/4
  2285 | D:3      | Noticed Terence
  2296 | D:3      | Killed Terence
  2355 | D:2      | Noticed Natasha
  2444 | D:2      | Killed Natasha
  2687 | D:4      | Found a staircase to the Ecumenical Temple.
  2698 | Temple   | Entered the Ecumenical Temple
  2812 | D:4      | Reached XP level 6. HP: 53/53 MP: 5/5
  3152 | D:4      | Noticed Dowan
  3154 | D:4      | Noticed Duvessa
  3166 | D:4      | Killed Duvessa
  3167 | D:4      | Reached skill level 5 in Long Blades
  3177 | D:4      | Killed Dowan
  3178 | D:4      | Reached skill level 5 in Fighting
  3261 | D:4      | Reached XP level 7. HP: 36/59 MP: 6/6
  3352 | D:4      | Reached skill level 5 in Shields
  3511 | D:5      | Entered Level 5 of the Dungeon
  3562 | D:5      | Found a shimmering altar of Xom.
  3852 | D:5      | Identified the +1 scale mail "Mukhou" {-Tele rF+++ Int-2
                  | Stlth+}
  3938 | D:5      | Noticed Blork the orc
  3953 | D:5      | Killed Blork the orc
  4099 | D:5      | Noticed Menkaure
  4106 | D:5      | Reached XP level 8. HP: 46/70 MP: 7/7
  4115 | D:5      | Killed Menkaure
  4340 | D:5      | Reached skill level 1 in Stealth
  4639 | D:5      | Found a hazy altar of Hepliaklqana.
  4858 | D:5      | Reached skill level 6 in Shields
  5046 | D:6      | Noticed Eustachio
  5061 | D:5      | Killed Eustachio
  5361 | D:6      | Reached XP level 9. HP: 52/76 MP: 8/8
  5527 | D:6      | Found a stormy altar of Qazlal.
  5546 | D:6      | Reached skill level 7 in Shields
  5687 | D:6      | Found a burning altar of Makhleb.
  5928 | D:2      | Killed Crazy Yiuf
  6151 | D:7      | Noticed a kobold demonologist
  6155 | D:7      | Found a transporter.
  6169 | D:7      | Found a transporter.
  6179 | D:7      | Noticed a kobold demonologist
  6256 | D:7      | Reached skill level 10 in Long Blades
  6854 | D:7      | Found a glowing golden altar of the Shining One.
  6864 | D:7      | Found an ancient bone altar of Kikubaaqudgha.
  6983 | D:7      | Found a shadowy altar of Dithmenos.
  7362 | D:7      | Found a bloodstained altar of Trog.
  7372 | D:7      | Reached skill level 8 in Shields
  7653 | D:8      | Noticed Psyche
  7669 | D:8      | Killed Psyche
  7857 | D:8      | Reached XP level 10. HP: 74/86 MP: 9/9
  7961 | D:8      | Found a staircase to the Lair.
  8204 | D:8      | Reached skill level 9 in Shields
  8329 | D:9      | Found a staircase to the Orcish Mines.
  8329 | D:9      | Found an iron altar of Okawaru.
  8337 | D:9      | Became a worshipper of Warmaster Okawaru
  8777 | D:9      | Found a white marble altar of Elyvilon.
  8822 | D:9      | Reached * piety under Okawaru
  8838 | D:9      | Found a blossoming altar of Fedhas.
  9003 | D:9      | Found a glowing silver altar of Zin.
  9154 | D:10     | Entered Level 10 of the Dungeon
  9301 | D:10     | Found a broken altar of Ashenzari.
  9408 | D:10     | Noticed a two-headed ogre
  9423 | D:10     | Killed a two-headed ogre
  9424 | D:10     | Reached skill level 10 in Shields
  9531 | D:10     | Reached ** piety under Okawaru
  9865 | D:10     | Noticed Sonja
  9872 | D:10     | Killed Sonja
  9873 | D:10     | Reached XP level 11. HP: 53/95 MP: 10/10
 10476 | D:11     | Reached *** piety under Okawaru
 10851 | D:11     | Noticed a two-headed ogre
 10860 | D:11     | Killed a two-headed ogre
 10955 | D:11     | Noticed Harold
 10965 | D:11     | Killed Harold
 10966 | D:11     | Reached skill level 11 in Shields
 11338 | Lair:1   | Entered Level 1 of the Lair of Beasts
 11380 | D:8      | Reached skill level 10 in Armour
 11380 | D:8      | Reached skill level 1 in Invocations
 12151 | Lair:1   | Reached **** piety under Okawaru
 12268 | Lair:1   | Reached skill level 5 in Dodging
 12409 | Lair:1   | Found a transporter.
 12455 | Lair:1   | Found a transporter.
 12497 | Lair:1   | Reached skill level 10 in Fighting
 12585 | Lair:1   | Identified the +8 morningstar of Ruination {flame, rN+
                  | Str+3 Dex+2}
 12895 | Lair:2   | Noticed a catoblepas
 12916 | Lair:1   | Reached XP level 12. HP: 103/106 MP: 12/12
 12923 | Lair:1   | Reached skill level 12 in Shields
 12935 | Lair:1   | Reached ***** piety under Okawaru
 13201 | Lair:2   | Killed a catoblepas
 13247 | Lair:2   | Found a staircase to the Snake Pit.
 13267 | Lair:2   | Noticed Yordlord's ghost (journeyman GrFi)
 13272 | Lair:2   | Found a transporter.
 13281 | Lair:2   | Found a transporter.
 13567 | Lair:2   | Received a gift from Okawaru
 14242 | D:12     | Noticed Nergalle
 14265 | D:12     | Killed Nergalle
 14427 | D:12     | Noticed a boulder beetle
 14456 | D:12     | Reached skill level 1 in Evocations
 14460 | D:12     | Killed a boulder beetle
 14790 | D:12     | Received a gift from Okawaru
 14891 | D:12     | Noticed a boulder beetle
 14891 | D:12     | Found the +6 shillelagh "Devastator" {shatter}
 14923 | D:12     | Noticed a two-headed ogre
 14939 | D:12     | Killed a two-headed ogre
 14940 | D:12     | Reached skill level 13 in Shields
 14961 | D:12     | Killed a boulder beetle
 15274 | Orc:1    | Entered Level 1 of the Orcish Mines
 15337 | Orc:1    | Paralysed by an orc sorcerer for 3 turns
 15547 | Orc:2    | Entered Level 2 of the Orcish Mines
 15555 | Orc:2    | Found a staircase to the Elven Halls.
 15804 | Orc:2    | Found Tiackemu's Magic Scroll Shop.
 15817 | Orc:2    | Bought a scroll of magic mapping for 127 gold pieces
 15817 | Orc:2    | Bought a scroll of identify for 34 gold pieces
 15838 | Orc:2    | Reached skill level 1 in Maces & Flails
 16520 | Lair:3   | Found a staircase to the Shoals.
 16549 | Lair:3   | Reached XP level 13. HP: 59/115 MP: 11/13
 17510 | Lair:4   | Found a staircase to the Slime Pits.
 18855 | Orc:2    | Found an ancient bone altar of Kikubaaqudgha.
 18872 | Orc:2    | Reached skill level 5 in Maces & Flails
 18931 | Orc:2    | Found Xily's Antique Weapon Boutique.
 18951 | Orc:2    | Identified the +7 dagger of the Grave {heavy, Str+4}
                  | (Okawaru gifted it to you on level 2 of the Orcish Mines)
 18951 | Orc:2    | Received a gift from Okawaru
 19141 | Orc:2    | Noticed Erolcha
 19152 | Orc:2    | Killed Erolcha
 19158 | Orc:2    | Reached skill level 14 in Shields
 19161 | Orc:2    | Found a radiant altar of Vehumet.
 19174 | Orc:2    | Found Weet's Antique Weapon Boutique.
 19177 | Orc:2    | Found Gueklopn's Book Shop.
 19444 | Orc:1    | Found Qatrof's Assorted Antiques.
 20569 | Lair:1   | Identified the ring "Rutha" {rElec rCorr MP+9 Str+9 Int-4
                  | Stlth-}
 20572 | Lair:1   | Identified the +0 hat of Hedonism {Dex+5 Slay+2}
 20678 | Lair:5   | Entered Level 5 of the Lair of Beasts
 20702 | Lair:5   | Identified the +2 scimitar of Glory {freeze, Dex+4}
                  | (Okawaru gifted it to you on level 5 of the Lair of Beasts)
 20702 | Lair:5   | Received a gift from Okawaru
 21155 | Lair:5   | Reached ****** piety under Okawaru
 21156 | Lair:5   | Reached XP level 14. HP: 115/126 MP: 14/14
 21434 | Lair:5   | Identified the scarf of Birdsong {+Inv, *Slow Int-5 Dex+5
                  | Stlth+} (Okawaru gifted it to you on level 5 of the Lair of
                  | Beasts)
 21434 | Lair:5   | Received a gift from Okawaru
 21919 | Lair:5   | Reached skill level 10 in Maces & Flails
 22605 | Lair:2   | Killed Yordlord's ghost
 22618 | Lair:2   | Identified the +11 scale mail of Objectivity {rElec Regen+
                  | Str-5 Int-5}
 24399 | D:14     | Noticed Josephine
 24411 | D:14     | Killed Josephine
 24639 | D:14     | Received a gift from Okawaru
 24835 | D:14     | Reached skill level 15 in Shields
 24907 | D:14     | Identified a scroll of acquirement
 24980 | D:14     | Reached XP level 15. HP: 79/136 MP: 16/16
 25072 | D:14     | Found a gate to the Vaults.
 25430 | D:15     | Entered Level 15 of the Dungeon
 25953 | D:15     | Identified the +0 acid dragon scales "Teobresi" {rF- rN+
                  | rCorr Str+4} (Okawaru gifted it to you on level 15 of the
                  | Dungeon)
 25953 | D:15     | Received a gift from Okawaru
 26207 | D:15     | Found a staircase to the Depths.
 27604 | Snake:1  | Entered Level 1 of the Snake Pit
 27746 | Snake:1  | Found Uxkadish's Antique Weapon Boutique.
 28323 | Snake:1  | Noticed a nagaraja
 28331 | Snake:1  | Killed a nagaraja
 28871 | Snake:2  | Noticed a nagaraja
 28879 | Snake:2  | Killed a nagaraja
 29120 | Snake:2  | Reached skill level 16 in Shields
 29394 | Snake:2  | Identified the +0 hat of Responsibility {rPois} (Okawaru
                  | gifted it to you on level 2 of the Snake Pit)
 29394 | Snake:2  | Received a gift from Okawaru
 30046 | Snake:2  | Reached skill level 10 in Dodging
 30265 | Snake:2  | Reached XP level 16. HP: 132/147 MP: 17/17
 31229 | Shoals:1 | Entered Level 1 of the Shoals
 31605 | Shoals:1 | Reached skill level 17 in Shields
 32598 | Shoals:2 | Reached skill level 15 in Maces & Flails
 32598 | Shoals:2 | Noticed Donald
 32943 | Shoals:2 | Killed Donald
 32949 | Shoals:2 | Received a gift from Okawaru
 33243 | Shoals:2 | Reached skill level 18 in Shields
 33498 | Shoals:2 | Noticed Ilsuiw
 33517 | Shoals:2 | Killed Ilsuiw
 34395 | Snake:3  | Reached skill level 15 in Fighting
 34737 | Snake:3  | Received a gift from Okawaru
 35040 | Snake:3  | Identified the +3 falchion "Ulukeam" {drain, +Blink rElec}
 35364 | Snake:4  | Entered Level 4 of the Snake Pit
 35387 | Snake:4  | Reached XP level 17. HP: 128/156 MP: 11/18
 35935 | Snake:4  | Noticed Kirke
 35944 | Snake:4  | Killed Kirke
 35955 | Snake:4  | Noticed Vashnia
 35978 | Snake:4  | Killed Vashnia
 35983 | Snake:4  | Reached skill level 15 in Armour
 36046 | Snake:4  | Noticed Aizul
 36061 | Snake:4  | Killed Aizul
 36242 | Snake:4  | Reached skill level 19 in Shields
 36262 | Snake:4  | Received a gift from Okawaru
 36292 | Snake:4  | HP: 6/158 [salamander/+0 halberd (9)]
 36292 | Snake:4  | Mangled by a salamander

Illustrated notes

Levels and vault maps discovered:
D:1:      minmay_arrival_checkered_box, layout_basic,
          dreamdust_ecumenical_altar_drowned_temple
D:2:      layout_loops_ring, kennysheep_pointless_box, uniq_crazy_yiuf_cottage,
          uniq_natasha
D:3:      layout_basic, uniq_terence
D:4:      layout_basic, minmay_temple_entry_offerings,
          kennysheep_generic_room_3, uniq_duvessa
D:5:      layout_loops_ring, xom_butterflies, lemuel_round_altar,
          nicolae_nh_ransacked_shop, uniq_blork_the_orc, uniq_menkaure
D:6:      layout_rooms, lightli_temple_of_fire,
          nicolae_qazlal_general_emergency, uniq_eustachio
D:7:      gammafunk_wand_slinger, layout_loops_ring, amcnicky_altar_gilded,
          nicolae_dithmenos_the_darkroom, lemuel_coloured_pillars_altar,
          mainiacjoe_overflow_boulevard
D:8:      layout_basic, hellmonk_lair_entry_icy, uniq_psyche
D:9:      layout_cave_pools, marbit_many_paths,
          mainiacjoe_overflow_concentric_impassable,
          mainiacjoe_overflow_tiny_flanked, mainiacjoe_overflow_alcove_1,
          orc_0_dummy, kennysheep_cross_bottleneck
D:10:     layout_basic, kennysheep_mini, uniq_sonja
D:11:     layout_basic, uniq_harold
D:12:     layout_long_grid, dilly_guarded_unrand_devastator, uniq_nergalle
D:13:     layout_roguey [special_room_orc], nicolae_splish_splash
D:14:     layout_roguey, lightli_vaults_fourway_checkpoint,
          minmay_misc_feat_hallway, uniq_josephine
D:15:     gammafunk_enter_depths_forms, layout_cave_pods, serial_park_paths
          [serial_park_minivault_5x5_4]
Temple:   hellmonk_temple_rainy
Lair:1:   gammafunk_worm_tunnel, layout_chaotic_city,
          infiniplex_staircase_pool_2
Lair:2:   layout_regular_city, guppyfry_snake_entry_island,
          gammafunk_ghost_arena, serial_bayou_lake_a, lemuel_fruit_tree
Lair:3:   layout_roguey, elwin_shoals_entry_stream,
          grunt_forest_small_clearings, dreamdust_gnoll_shepherd
Lair:4:   layout_hall_layers, minmay_slime_entry_pillars
Lair:5:   grunt_lair_end_beastmaster, layout_gridlike
Shoals:1: layout_shoals
Shoals:2: layout_shoals, st_shoals_ruin, uniq_donald, uniq_ilsuiw
Snake:1:  nicolae_snake_hallway, layout_misc_corridors, serial_shops,
          nicolae_shop_rolling_square, guppyfry_snake_island,
          grunt_megastairs_2, serial_bayou_shore_b
Snake:2:  layout_grid_maze, nicolae_snake_yet_another_twisty_hallway,
          beargit_elvish_explorers
Snake:3:  layout_misc_corridors
Snake:4:  johnstein_snake_rune_scales, layout_layer_cave, uniq_aizul,
          uniq_vashnia, uniq_kirke, uniq_agnes
Orc:1:    layout_diamond_mine, serial_shops, nicolae_shop_advertising_works
          [nicolae_subvault_shop_adworks], basic_altar
Orc:2:    kennysheep_orc_mage_school, layout_caves, mines3_lemuel

Skill      XL: |  1  2  3  4  5  6  7  8  9 10 11 12 13 14 15 16 17 |
---------------+----------------------------------------------------+-----
Shields        | 4 5 6 8 10 11 13 14 15 16 18 19 | 19.1
Armour         | 4 5 6 7 8 9 10 11 12 13 14 15 | 15.0
Fighting       | 4 5 6 7 8 10 12 13 14 15 16 | 16.0
Long Blades    | 3 4 5 7 9 11 12 13 14 | 14.4
Dodging        | 1 2 3 4 5 6 7 8 10 11 12 | 12.3
Stealth        | 1 2 3 4 |  4.3
Invocations    | 1 2 3 |  3.3
Evocations     | 1 2 |  2.0
Maces & Flails | 3 9 13 14 15 | 15.8

Action                     |  1- 3 |  4- 6 |  7- 9 | 10-12 | 13-15 | 16-18 || total
---------------------------+-------+-------+-------+-------+-------+-------++-------
  Melee: Long sword        |    87 |   135 |   184 |       |       |       ||   406
         Headbutt          |     9 |    26 |    74 |   202 |   218 |   136 ||   665
         Falchion          |       |       |   196 |   661 |       |       ||   857
         Shillelagh        |       |       |       |    98 |   741 |   486 ||  1325
         Morningstar       |       |       |       |       |   166 |       ||   166
         Punch             |       |       |       |       |     6 |     4 ||    10
 Invoke: Heroism           |       |       |       |    17 |     9 |     3 ||    29
  Evoke: Wand              |       |       |       |     6 |    14 |     2 ||    22
    Use: Potion            |     4 |     1 |       |     1 |     3 |     2 ||    11
         Scroll            |       |     3 |     2 |    13 |    10 |     2 ||    30
   Stab: Held in net/web   |       |       |       |     1 |       |       ||     1
         Sleeping          |       |       |       |       |     2 |       ||     2
 Armour: Scale mail        |    56 |    59 |    44 |   203 |   368 |   156 ||   886
         Chain mail        |       |       |    84 |       |       |       ||    84
         Plate armour      |       |       |    10 |    61 |       |       ||    71
  Dodge: Dodged            |    58 |    64 |    85 |   252 |   415 |   241 ||  1115
  Block: Buckler           |    28 |    34 |   170 |   403 |    14 |       ||   649
         Reflection        |       |       |     3 |    15 |    54 |    48 ||   120
         Other             |       |       |       |       |   128 |    47 ||   175
         Kite shield       |       |       |       |       |   341 |   319 ||   660
